 Dungeon Crawl Stone Soup version 0.27-a0-1456-gf5a116941d (webtiles) character file.

Game seed: 18026641808193362558

71 epicjoe the Chopper (level 4, 0/41 HPs)
             Began as a Minotaur Berserker on July 6, 2021.
             Was an Initiate of Gozag.
             Slain by a polar bear (25 damage)
             ... created by the rage of Trog
             ... on level 2 of the Dungeon.
             The game lasted 00:11:21 (2402 turns).

epicjoe the Chopper (Minotaur Berserker)            Turns: 2402, Time: 00:11:22

Health: 0/41       AC:  3    Str: 23    XL:     4   Next: 5%
Magic:  3/3        EV: 12    Int:  4    God:    Gozag
Gold:   101        SH:  0    Dex:  9    Spells: 3/3 levels left

rFire    . . .     SeeInvis .   a - +0 hand axe
rCold    . . .     Faith    .   (no shield)
rNeg     . . .     Spirit   .   b - +0 animal skin
rPois    .         Reflect  .   (helmet restricted)
rElec    .         Harm     .   (no cloak)
rCorr    .         Rampage  .   m - +0 pair of gloves
Will     .....                  (no boots)
Stlth    +.........             (no amulet)
HPRegen  0.13/turn              (no ring)
MPRegen  0.08/turn              (no ring)

@: no status effects
A: horns 2, retaliatory headbutt
a: Renounce Religion, Potion Petition, Call Merchant, Bribe Branch


You were on level 2 of the Dungeon.
You worshipped Gozag.
Gozag was aware of your devotion.
You visited 1 branch of the dungeon, and saw 3 of its levels.

You collected 151 gold pieces.
You paid 50 gold pieces to Gozag.

Inventory:

Hand Weapons
 a - a +0 hand axe (weapon)
Missiles
 c - 6 datura-tipped darts (quivered)
 i - 9 boomerangs
Armour
 b - a +0 animal skin (worn)
 m - a +0 pair of gloves (worn)
Jewellery
 h - a ring of wizardry
 o - a ring of wizardry
Wands
 k - a wand of polymorph (9)
Scrolls
 e - a scroll of teleportation {unknown}
 j - 3 scrolls of identify {unknown}
 l - a scroll of fear {unknown}
 p - a scroll of torment {unknown}
Potions
 d - 2 potions of might
 f - 2 potions of heal wounds {unknown}
 g - 2 potions of curing {unknown}
 n - a potion of degeneration {unknown}


   Skills:
 + Level 4.5 Fighting
 + Level 4.6 Axes
 + Level 2.8 Armour
 + Level 2.8 Dodging
 + Level 0.1 Stealth


You had 3 spell levels left.
You didn't know any spells.
Your spell library was empty.

Dungeon Overview and Level Annotations

Branches:
Dungeon (3/15)

Altars:
Gozag
Kikubaaqudgha
Trog
Uskayaw
Vehumet
Xom


Innate Abilities, Weirdness & Mutations

You have a pair of horns on your head.
You reflexively headbutt those who attack you in melee.


Message History

The bat hits you but does no damage. The bat hits you but does no damage.
You miss the bat. Your headbutt misses the bat.
The bat hits you but does no damage. The bat misses you.
The bat barely misses you. The bat closely misses you. You furiously retaliate!
You headbutt the bat!
You kill the bat!
You have reached level 4!
You feel stronger.
You now have 93 gold pieces (gained 4).
p - a scroll labelled RIURIO VIHEUVI A goblin comes into view.
It is wielding a +0 dagger.
The goblin shouts!
A bat comes into view.
The goblin closely misses you.
You slash the goblin!
You kill the goblin!
The bat barely misses you.
You barely miss the bat. You headbutt the bat.
You kill the bat!
You now have 101 gold pieces (gained 8).
You see here a +0 dagger.
A bat comes into view.
The bat closely misses you.
You miss the bat. The bat barely misses you. You furiously retaliate!
You headbutt the bat.
You kill the bat!
Trog sends monsters to punish you. 2 polar bears and 3 black bears come into view.
You see here 7 gold pieces.
The polar bear bites you! The polar bear claws you. x2
The black bear rages.
You see here 7 gold pieces.
Okay, then.
The polar bear barely misses you. x2; The polar bear completely misses you.
The polar bear bites you!!
Ouch! That really hurt!
You die...
Your body crumbles into a pile of gold.

.......#'####### .#
.......÷...#######.###
....†...÷..##........#
...........#.........# #####
...........#.........# #....
#####......#.........# #.##.
#......#.........########.##.
#####......#...hhh...##..........
...........#....@h...##.#####.###
...........#.....h...##.# #.#
.......#...#.........##.# #.#
.......#.........)#####.# #.#
.......#..........# #.# #.#
............).....# #.# #.#
#####.............# #.# #.#
.......#..........#####.# #.#
........................# #.#


You could see 2 polar bears and 3 black bears.

Vanquished Creatures
  An adder (D:3)
  2 worms (D:3)
  4 dart slugs
  3 orcs (D:3)
  4 endoplasms
  3 goblins
  4 hobgoblins
  6 jackals (D:2)
  2 kobolds
  A quokka (D:3)
  2 ball pythons (D:2)
  7 bats
  A frilled lizard (D:3)
  2 rats
42 creatures vanquished.

Notes
Turn   | Place    | Note
-------+----------+-------------------------------------------
     0 | D:1      | epicjoe the Minotaur Berserker began the quest for the Orb.
     0 | D:1      | Reached XP level 1. HP: 19/19 MP: 0/0
   308 | D:2      | Reached XP level 2. HP: 27/27 MP: 1/1
  1024 | D:3      | Reached XP level 3. HP: 26/33 MP: 2/2
  1322 | D:3      | Reached ** piety under Trog
  1632 | D:3      | Found a bloodstained altar of Trog.
  2022 | D:3      | Found an ancient bone altar of Kikubaaqudgha.
  2037 | D:3      | Found a hide-covered altar of Uskayaw.
  2045 | D:3      | Fell from the grace of Trog
  2045 | D:3      | Became a worshipper of Uskayaw the Reveller
  2058 | D:3      | Found an opulent altar of Gozag.
  2066 | D:3      | Fell from the grace of Uskayaw
  2066 | D:3      | Became a worshipper of Gozag Ym Sagoz the Greedy
  2075 | D:3      | Found a radiant altar of Vehumet.
  2085 | D:3      | Found a shimmering altar of Xom.
  2347 | D:2      | Reached XP level 4. HP: 41/41 MP: 3/3
  2400 | D:2      | Noticed a black bear
  2400 | D:2      | Noticed a polar bear
  2400 | D:2      | Noticed a black bear
  2400 | D:2      | Noticed a polar bear
  2400 | D:2      | Noticed a black bear
  2402 | D:2      | Slain by a polar bear

Illustrated notes

Levels and vault maps discovered:
D:1:      mrwooster_arrival_statue, layout_basic,
          hellmonk_ecumenical_altar_run_dry
D:2:      layout_basic, serial_glass, glass_columns_b, glass_columns_c
D:3:      layout_loops_ring, overflow_temple_1_default,
          minmay_overflow_temple_star_hex, bh_walls_and_bars

Skill      XL: |  1  2 |
---------------+-------+-----
Axes           | 4 |  4.6
Fighting       | 4 |  4.5
Armour         | |  2.8
Dodging        | |  2.8
Stealth        | |  0.1

Action                   |  1- 3 |  4- 6 || total
-------------------------+-------+-------++-------
Melee: Hand axe          |    95 |     3 ||    98
       Headbutt          |    14 |     1 ||    15
 Stab: Sleeping          |     1 |       ||     1
Armor: Animal skin       |    22 |       ||    22
Dodge: Dodged            |    72 |     7 ||    79

Table legend: (Time is in decaauts)
 A = Elapsed time spent in this place.
 B = Non-inter-level travel time spent in this place.
 C = Inter-level travel time spent in this place.
 D = Time resting spent in this place.
 E = Time spent auto-exploring this place.
 F = Levels seen in this place.
 G = Mean time per level.
                   A        B        C        D        E       F      G
               +--------+--------+--------+--------+--------+-----+--------+
         Total |   2412 |   2367 |     45 |    623 |    210 |   3 |  804.0 |
       Dungeon |   2412 |   2367 |     45 |    623 |    210 |   3 |  804.0 |
               +--------+--------+--------+--------+--------+-----+--------+

Top non-repeatable levels by time:
     D:3: 1133 daAuts
     D:2: 998 daAuts
     D:1: 280 daAuts
